 Dungeon Crawl Stone Soup version 0.24-a0-181-gd121a6d (webtiles) character file.

Game seed: 10999760526217093169

490 Ijustatesigmund the Grasshopper (level 7, -17/45 HPs)
             Began as an Octopode Wizard on Mar 14, 2019.
             Demolished by an ogre
             ... wielding a +0 giant spiked club
              (27 damage)
             ... on level 5 of the Dungeon.
             The game lasted 00:15:58 (5179 turns).

Ijustatesigmund the Grasshopper (Octopode Wizard)   Turns: 5179, Time: 00:16:02

Health: -17/45     AC:  3    Str:  6    XL:     7   Next: 14%
Magic:  7/11       EV: 13    Int: 21    God:
Gold:   196        SH:  0    Dex: 12    Spells: 6/12 levels left

rFire    . . .     SeeInvis .   d - +0 war axe
rCold    . . .     Gourm    .   (no shield)
rNeg     . . .     Faith    .   a - +2 hat
rPois    .         Spirit   .   (no amulet)
rElec    .         Reflect  .   (no ring)
rCorr    .         Harm     .   (no ring)
MR       .....                  (no ring)
Stlth    +++.......             (no ring)
HPRegen  0.15/turn              (no ring)
MPRegen  0.12/turn              (no ring)
                                (no ring)
                                (no ring)

@: no status effects
A: almost no armour, stealthy swim, amphibious, 8 rings, constrict 8, camouflage
1, gelatinous body 1
a: no special abilities


You were on level 5 of the Dungeon.
You were not hungry.

You visited 1 branch of the dungeon, and saw 5 of its levels.

You collected 196 gold pieces.

Inventory:

Hand Weapons
 d - a +0 war axe (weapon)
Missiles
 f - a javelin of penetration (quivered)
Armour
 a - a +2 hat (worn)
Wands
 c - a wand of flame (2)
Scrolls
 b - a scroll of blinking {unknown}
 h - a scroll of fog
 i - 2 scrolls of teleportation
 j - a scroll of amnesia
 n - 2 scrolls of remove curse
 p - a scroll of identify
Potions
 e - a potion of resistance
 k - a potion of haste
 l - a potion of flight
 m - a potion of agility
 o - a potion of cancellation
Comestibles
 g - 2 rations


   Skills:
 - Level 2.2 Fighting
 + Level 3.7 Axes
 - Level 1.4 Throwing
 - Level 2.0 Dodging
 - Level 2.6 Stealth
 - Level 3.0 Spellcasting
 - Level 3.1 Conjurations
   Level 1.0 Summonings
 + Level 4.0 Translocations


You had 6 spell levels left.
You knew the following spells:

 Your Spells              Type           Power        Failure   Level  Hunger
a - Magic Dart            Conj           ###.         3%          1    None
b - Blink                 Tloc           N/A          3%          2    ##.....
c - Conjure Flame         Conj/Fire      #.......     22%         3    ###....

Your spell library contained the following spells:

 Spells                   Type           Power        Failure   Level  Hunger
 Call Imp                 Summ           #.......     13%         2    ##.....
 Poisonous Vapours        Pois/Air       #.....       21%         2    ##.....
 Slow                     Hex            #.......     21%         2    ##.....
 Mephitic Cloud           Conj/Pois/Air  #.......     26%         3    ###....
 Freezing Cloud           Conj/Ice/Air   #.........   100%        6    #######
 Ring of Flames           Chrm/Fire      #.........   100%        7    #######


Dungeon Overview and Level Annotations

Branches:
Dungeon (5/15)
 Temple: D:4-7

Altars:
Elyvilon
Makhleb
Nemelex Xobeh
Xom
Zin


Innate Abilities, Weirdness & Mutations

You cannot wear most types of armour.
You are very stealthy in the water. (Stealth+)
You are amphibious.
You can wear up to eight rings at the same time.
You can use your tentacles to constrict eight enemies at once.
Your skin changes colour to match your surroundings (Stealth+).
Your rubbery body absorbs attacks. (AC +1, EV +1)


Message History

The ogre is lightly wounded.
The orc closely misses you.
Throwing (i - inventory)
f - 2 javelins of penetration (quivered)
Press: ? - help, Shift-Dir - straight line, f/p - orc
Aim: an orc, wielding a +0 trident (heavily wounded)
You throw a javelin of penetration.
The javelin of penetration closely misses the orc.
The javelin of penetration pierces through the orc priest but does no damage.
The javelin of penetration pierces through the ogre.
The ogre is lightly wounded.
The phantom blinks!
The orc hits you from afar with a +0 trident!
* * * LOW HITPOINT WARNING * * *
Casting: Magic Dart (safe; 3% risk of failure)
Confirm with . or Enter, or press ? or * to list all spells.
You blink.
The orc priest looks encouraged for a moment.
The ogre hits you with a +0 giant spiked club!!
Ouch! That really hurt!
You die...

#. #. #. #. #. #. #.
######.#### #.
..........#####o#
......§....§oWoO####
..|...†..?######@..#
####.#...######.......%
#>###........!..#####
#.#.?.#####.#.##
.#####.#..# #. .#
......##..# .. ..
.####.##..# .. .#
#..([..# #.. ."
#..###$#


You could see a phantom, an ogre, an orc priest and 2 orcs.

Vanquished Creatures
  An ogre (D:4)
  A scorpion (D:4)
  A howler monkey (D:5)
  A crimson imp (D:4)
  2 hounds (D:3)
  A jelly (D:4)
  A bullfrog skeleton (D:4)
  3 gnolls
  4 adders
  A white imp (D:4)
  An ooze (D:4)
  An adder skeleton (D:4)
  3 worms
  A dart slug (D:1)
  A leopard gecko (D:2)
  6 orcs
  5 bats
  7 giant cockroaches
  9 goblins
  7 hobgoblins
  9 jackals
  A quokka (D:3)
  3 ball pythons
  2 frilled lizards
  6 kobolds
  8 rats
86 creatures vanquished.

Notes
Turn   | Place    | Note
-------+----------+-------------------------------------------
     0 | D:1      | Ijustatesigmund the Octopode Wizard began the quest for the
                  | Orb.
     0 | D:1      | Reached XP level 1. HP: 11/11 MP: 4/4
   127 | D:1      | Reached skill level 1 in Fighting
   127 | D:1      | Reached XP level 2. HP: 12/18 MP: 0/6
   131 | D:1      | Learned a level 2 spell: Blink
   836 | D:1      | Reached XP level 3. HP: 23/23 MP: 3/7
  1363 | D:1      | You fall through a shaft!
  2372 | D:2      | Reached XP level 4. HP: 29/29 MP: 5/8
  2420 | D:2      | Learned a level 3 spell: Conjure Flame
  2660 | D:2      | Reached skill level 1 in Throwing
  3580 | D:3      | Found a white marble altar of Elyvilon.
  3580 | D:3      | Found a burning altar of Makhleb.
  3687 | D:3      | Found a glowing silver altar of Zin.
  3687 | D:3      | Found a sparkling altar of Nemelex Xobeh.
  3717 | D:4      | Found a shimmering altar of Xom.
  3735 | D:4      | Reached skill level 1 in Axes
  3735 | D:4      | Reached XP level 5. HP: 7/34 MP: 2/9
  4001 | D:3      | Reached skill level 2 in Translocations
  4004 | D:3      | Reached XP level 6. HP: 17/39 MP: 8/10
  4309 | D:4      | Reached skill level 3 in Translocations
  5124 | D:4      | Reached XP level 7. HP: 43/45 MP: 5/11
  5141 | D:5      | Entered Level 5 of the Dungeon
  5165 | D:5      | Reached skill level 4 in Translocations
  5179 | D:5      | Demolished by an ogre

Levels and vault maps discovered:
D:1:      lemuel_arrival_behind_the_door_large, layout_basic,
          hangedman_decor_growths, fountainhead, minmay_fountain_box
D:2:      layout_loops_cross
D:3:      layout_rooms, gammafunk_temple_overflow_wave,
          gammafunk_temple_overflow_elements
D:4:      layout_basic, xom_teletrap_fun, first_ration, minmay_fire_ice_demons
D:5:      layout_loops_ring, roderic_batcave

Skill      XL: |  1  2  3  4  5  6  7 |
---------------+----------------------+-----
Fighting       | 1 2 |  2.2
Conjurations   | 2 3 |  3.1
Throwing       | 1 |  1.4
Axes           | 1 2 3 |  3.7
Translocations | 2 3 4 |  4.0
Dodging        | |  2.0
Stealth        | |  2.6
Spellcasting   | |  3.0
Summonings     | |  1.0

Action                   |  1- 3 |  4- 6 |  7- 9 || total
-------------------------+-------+-------+-------++-------
Melee: Spear             |    52 |     9 |       ||    61
       Constrict         |    10 |    14 |     3 ||    27
       Tentacles         |     2 |    13 |     1 ||    16
       War axe           |       |    48 |     8 ||    56
Throw: Javelin           |       |     1 |     2 ||     3
 Cast: Magic Dart        |    65 |    90 |     4 ||   159
       Blink             |       |     1 |     1 ||     2
Evoke: Wand              |       |     2 |       ||     2
  Use: Scroll            |     8 |     7 |       ||    15
       Potion            |       |     3 |       ||     3
 Stab: Sleeping          |     4 |     1 |       ||     5
  Eat: Chunk             |     1 |     3 |       ||     4
       Ration            |     1 |     2 |       ||     3
Armor: Skin              |     7 |    11 |       ||    18
Dodge: Dodged            |    35 |    41 |     8 ||    84

Table legend:
 A = Non-vault XP
 B = Vault XP
 C = Vault XP percentage of total XP
 D = Non-vault monster count
 E = Vault monster count
 F = Vault count percentage of total count
                 A         B        C        D         E       F
            +---------+---------+-------+---------+---------+-------
      Total |     646 |      54 |   7.7 |      84 |       2 |   2.3
            +---------+---------+-------+---------+---------+-------
        D:1 |      42 |       0 |   0.0 |      24 |       0 |   0.0
        D:2 |      83 |       0 |   0.0 |      25 |       0 |   0.0
        D:3 |     125 |       0 |   0.0 |      14 |       0 |   0.0
        D:4 |     335 |      54 |  13.9 |      17 |       2 |  10.5
        D:5 |      61 |       0 |   0.0 |       4 |       0 |   0.0
            +---------+---------+-------+---------+---------+-------
